 Dungeon Crawl Stone Soup version 0.28-a0-1568-g77cbbf62ba (webtiles) character file.

Game seed: 4473132141421992376

24 Ijustatesigmund the Skirmisher (level 2, -1/27 HPs)
             Began as a Minotaur Fighter on Jan 20, 2022.
             Slain by Sigmund (4 damage)
             ... on level 2 of the Dungeon.
             The game lasted 00:01:22 (864 turns).

Ijustatesigmund the Skirmisher (Minotaur Fighter)    Turns: 864, Time: 00:01:22

Health: -1/27      AC:  9    Str: 20    XL:     2   Next: 79%
Magic:  1/1        EV:  7    Int:  5    God:
Gold:   19         SH:  4    Dex:  9    Spells: 1/1 levels left

rFire   . . .      SeeInvis .   a - +0 flail
rCold   . . .      Faith    .   c - +0 buckler
rNeg    . . .      Spirit   .   b - +0 chain mail
rPois   .          Reflect  .   (helmet restricted)
rElec   .          Harm     .   (no cloak)
rCorr   .          Rampage  .   (no gloves)
Will    .....                   (no boots)
Stlth   ..........              (no amulet)
HPRegen 0.09/turn               (no ring)
MPRegen 0.07/turn               (no ring)

@: mighty
A: horns 2, retaliatory headbutt
a: no special abilities


You were on level 2 of the Dungeon.
You visited 1 branch of the dungeon, and saw 2 of its levels.

You collected 19 gold pieces.

Inventory:

Hand Weapons
 a - a +0 flail (weapon)
Armour
 b - a +0 chain mail (worn)
 c - a +0 buckler (worn)
Potions
 e - a potion of lignification {unknown}
 g - a potion of haste {unknown}


   Skills:
 + Level 4.1 Fighting
 * Level 3.6 Maces & Flails
 - Level 3.6 Armour
 - Level 3.6 Shields


You had one spell level left.
You didn't know any spells.
Your spell library was empty.

Dungeon Overview and Level Annotations

Branches:
Dungeon (2/15)

Altars:

Annotations:
D:2 Sigmund


Innate Abilities, Weirdness & Mutations

You have a pair of horns on your head.
You reflexively headbutt those who attack you in melee.


Message History

You barely miss the hobgoblin. The hobgoblin hits you.
Sigmund laughs darkly.
Sigmund gestures wildly while chanting.
Sigmund flickers and vanishes!
Deactivating autopickup; reactivate with Ctrl-A.
You barely miss the hobgoblin.
The hobgoblin hits you but does no damage.
Something hits you!
You closely miss the hobgoblin. The hobgoblin closely misses you.
The hobgoblin hits you but does no damage.
Something hits you.
You are too injured to fight recklessly!
You are too injured to fight recklessly!
You are too injured to fight recklessly!
You are too injured to fight recklessly!
You are too injured to fight recklessly!
You are too injured to fight recklessly!
You are too injured to fight recklessly!
You are too injured to fight recklessly!
You are too injured to fight recklessly!
You are too injured to fight recklessly!
You are too injured to fight recklessly!
You are too injured to fight recklessly!
You are too injured to fight recklessly!
You are too injured to fight recklessly!
You are too injured to fight recklessly!
You are too injured to fight recklessly!
You feel very mighty all of a sudden. You block the hobgoblin's attack.
You sock the hobgoblin!
You kill the hobgoblin!
You hear some strange, mumbled words.
A puff of flame appears from out of thin air!
The puff of flame hits you. Something hits you.
* * * LOW HITPOINT WARNING * * *
Things that are here:
an orange potion; a scroll labelled WURISO VAIDGH; a hobgoblin corpse You miss something.
Something hits you.
You die...

..
#.#.............
#.#.####.###....
#.#.# #.# .
#.#.#.##.###
#.#.#......+
#.#.##.### #.#
#.# #. #)# #@#
.......{.....#
.....##.###.##
.... ... ... #.#
.. #.. # ###


There were no monsters in sight!

Vanquished Creatures
  A dart slug (D:1)
  3 ball pythons (D:1)
  2 endoplasms (D:1)
  A giant cockroach (D:2)
  4 hobgoblins
  3 kobolds
  A quokka (D:1)
  2 bats
  A frilled lizard (D:1)
  A rat (D:1)
19 creatures vanquished.

Notes
Turn   | Place    | Note
-------+----------+-------------------------------------------
     0 | D:1      | Ijustatesigmund the Minotaur Fighter began the quest for
                  | the Orb.
     0 | D:1      | Reached XP level 1. HP: 19/19 MP: 0/0
   308 | D:1      | Reached XP level 2. HP: 27/27 MP: 1/1
   448 | D:1      | Reached skill level 4 in Fighting
   684 | D:1      | Found a faded altar of an unknown god.
   854 | D:2      | Noticed Sigmund
   864 | D:2      | Slain by Sigmund

Illustrated notes

Levels and vault maps discovered:
D:1:      minmay_arrival_stone_box, layout_rooms,
          chequers_ecumenical_altar_lobes
D:2:      layout_basic, minivault_24, uniq_sigmund

Skill      XL: |  1  2 |
---------------+-------+-----
Maces & Flails | 3 |  3.6
Fighting       | 4 |  4.1
Armour         | |  3.6
Shields        | |  3.6

Action                   || total
-------------------------++-------
Melee: Flail             ||    49
       Headbutt          ||     7
  Use: Scroll            ||     2
       Potion            ||     1
Armor: Scale mail        ||    16
       Chain mail        ||    12
Dodge: Dodged            ||    15
Block: Buckler           ||    15

Table legend: (Time is in decaauts)
 A = Elapsed time spent in this place.
 B = Non-inter-level travel time spent in this place.
 C = Inter-level travel time spent in this place.
 D = Time resting spent in this place.
 E = Time spent auto-exploring this place.
 F = Levels seen in this place.
 G = Mean time per level.
                   A        B        C        D        E       F      G
               +--------+--------+--------+--------+--------+-----+--------+
         Total |    876 |    854 |     22 |     36 |    670 |   2 |  438.0 |
       Dungeon |    876 |    854 |     22 |     36 |    670 |   2 |  438.0 |
               +--------+--------+--------+--------+--------+-----+--------+

Top non-repeatable levels by time:
     D:1: 802 daAuts
     D:2: 73 daAuts
